 Dungeon Crawl Stone Soup version 0.19.5 (webtiles) character file.

193 McKennaii the Firebug (level 5, -1/28 HPs)
             Began as a Deep Elf Fire Elementalist on May 16, 2017.
             Slain by a big kobold
             ... wielding a +0 dagger
              (5 damage)
             ... in a sewer.
             The game lasted 00:05:48 (2357 turns).

McKennaii the Firebug (Deep Elf Fire Elementalist)  Turns: 2357, Time: 00:05:48

Health: -1/28      AC:  2    Str:  2 (5)  XL:     5   Next: 44%
Magic:  0/13       EV: 13    Int: 20 (21) God:
Gold:   112        SH:  0    Dex: 13 (15) Spells: 4 memorised, 1 level left

rFire  . . .     SeeInvis .     (no weapon)
rCold  . . .     Gourm    .     a - +0 robe
rNeg   . . .     Faith    .     (no shield)
rPois  .         Spirit   .     (no helmet)
rElec  .         Reflect  .     (no cloak)
rCorr  .         Harm     .     (no gloves)
MR     .....                    (no boots)
Stlth  ++........               (no amulet)
                                (no ring)
                                (no ring)

@: no status effects
A: no striking features
a: no special abilities


You were in a sewer.
You were not hungry.

You visited 1 branch of the dungeon, and saw 3 of its levels.
You also visited: Sewer.

You collected 112 gold pieces.

Inventory:

Armour
 a - a +0 robe (worn)
Wands
 m - a wand of paralysis (4/24)
Scrolls
 d - 3 scrolls of identify {unknown}
 e - a scroll of enchant armour {unknown}
 f - 2 scrolls of remove curse {unknown}
 j - a scroll of enchant weapon {unknown}
 k - a scroll of amnesia {unknown}
 n - a scroll of blinking {unknown}
Potions
 h - a potion of heal wounds {unknown}
 i - a potion of might {unknown}
Books
 b - a book of Flames

   Spells                             Type                      Level
   a - Flame Tongue                   Conjuration/Fire             1
   b - Throw Flame                    Conjuration/Fire             2
   c - Conjure Flame                  Conjuration/Fire             3
   d - Inner Flame                    Hexes/Fire                   3
   e - Sticky Flame                   Conjuration/Fire             4
   f - Fireball                       Conjuration/Fire             5
Comestibles
 c - 3 bread rations
 g - 3 chunks of flesh
 l - 3 fruits


   Skills:
 + Level 3.3 Dodging
 + Level 3.1 Stealth
 + Level 4.4 Spellcasting
 + Level 2.6 Conjurations
 + Level 4.8 Fire Magic


You had one spell level left.
You knew the following spells:

 Your Spells              Type           Power        Failure   Level  Hunger
a - Flame Tongue          Conj/Fire      ###..        2%          1    None
b - Throw Flame           Conj/Fire      ###...       4%          2    #......
c - Conjure Flame         Conj/Fire      ###.....     10%         3    ###....
f - Fireball              Conj/Fire      ###.......   82%         5    ######.


Dungeon Overview and Level Annotations

Branches:
Dungeon (3/15)

Altars:


Message History

Aim: a big kobold, wielding a dagger (heavily wounded)
The flame tongue hits the big kobold.
The big kobold is severely wounded.
The big kobold hits you with a dagger.
Casting: Flame Tongue
Confirm with . or Enter, or press ? or * to list all spells.
Aiming: Flame Tongue
Press: ? - help, Shift-Dir - straight line, f/p - big kobold
Aim: a big kobold, wielding a dagger (heavily wounded)
The flame tongue hits the big kobold.
The big kobold is almost dead.
The big kobold hits you with a dagger.
* * * LOW HITPOINT WARNING * * *
Casting: Flame Tongue
Confirm with . or Enter, or press ? or * to list all spells.
Aiming: Flame Tongue
Press: ? - help, Shift-Dir - straight line, f/p - big kobold
Aim: a big kobold, wielding a dagger (almost dead)
The flame tongue misses the big kobold.
The big kobold hits you with a dagger.
You die...

≈≈≈≈≈...###∩#
≈≈≈≈≈≈...###.#
≈≈≈≈≈≈≈...#..#
.≈≈≈≈≈≈.....##
≈≈≈≈≈≈......#
..≈≈≈.≈....##
..≈≈≈......##
..≈≈....K...##
.≈≈≈≈...@....##
.≈≈≈≈......#..#
.≈≈≈......###.#
..≈≈......###∩#
..≈≈≈......####
..≈≈≈......##
..≈≈≈≈......#
≈≈≈≈≈......†##
.≈≈≈≈≈≈......#


You could see a big kobold.

Vanquished Creatures
  Ijyb (D:2)
  Robin (D:3)
  3 adders
  2 river rats (Sewer)
  2 worms
  4 dart slugs
  3 leopard geckos
  3 giant cockroaches (D:3)
  18 goblins
  9 hobgoblins
  7 jackals
  11 kobolds
  A quokka (D:2)
  5 ball pythons
  3 bats (D:1)
  3 frilled lizards
  21 rats
97 creatures vanquished.

Notes
Turn   | Place    | Note
-------+----------+-------------------------------------------
     0 | D:1      | McKennaii the Deep Elf Fire Elementalist began the quest for the Orb.
     0 | D:1      | Reached XP level 1. HP: 10/10 MP: 6/6
   144 | D:1      | Reached XP level 2. HP: 9/15 MP: 0/8
   667 | D:2      | Reached XP level 3. HP: 19/19 MP: 5/9
   710 | D:2      | Noticed Ijyb
   714 | D:2      | Killed Ijyb
   830 | D:2      | Reached XP level 4. HP: 20/24 MP: 2/11
   905 | D:2      | Learned a level 2 spell: Throw Flame
   909 | D:2      | Learned a level 3 spell: Conjure Flame
  1675 | D:3      | Noticed Robin
  1805 | D:3      | Reached XP level 5. HP: 18/28 MP: 2/13
  1906 | D:3      | Killed Robin
  1908 | D:3      | HP: 1/28 [hobgoblin/stone[Robin] (1)]
  1998 | D:3      | Found a glowing drain.
  2051 | Sewer    | Entered a sewer
  2270 | Sewer    | Learned a level 5 spell: Fireball
  2357 | Sewer    | Slain by a big kobold

Skill      XL: |  1  2  3  4 |
---------------+-------------+-----
Dodging        | 3 |  3.3
Fire Magic     | 4 |  4.8
Stealth        | 3 |  3.1
Conjurations   | 2 |  2.6
Spellcasting   | 4 |  4.4

Action                   |  1- 3 |  4- 6 || total
-------------------------+-------+-------++-------
Melee: Unarmed           |       |     3 ||     3
 Cast: Flame Tongue      |    51 |   129 ||   180
       Throw Flame       |       |     8 ||     8
  Use: Potion            |       |     4 ||     4
  Eat: Chunk             |       |     4 ||     4
Armor: Robe              |    12 |    15 ||    27
       Skin              |       |     6 ||     6
Dodge: Dodged            |    35 |    50 ||    85
